 Dungeon Crawl Stone Soup version 0.31-a0-1447-g87ca8d402b (webtiles) character file.

Game seed: 8239496562337525001

47 jasper the Conjurer (level 3, -4/19 HPs)
             Began as a Deep Elf Conjurer on Dec 27, 2023.
             Slain by an ogre
             ... wielding a +0 giant club
              (17 damage)
             ... on level 4 of the Dungeon.
             The game lasted 00:02:18 (1914 turns).

jasper the Conjurer (Deep Elf Conjurer)             Turns: 1914, Time: 00:02:19

Health: -4/19      AC:  4    Str:  4    XL:     3   Next: 48%
Magic:  9/9        EV: 12    Int: 24    God:
Gold:   61         SH:  0    Dex: 13    Spells: 5/8 levels left

rFire   . . .        e - +0 short sword
rCold   . . .        (no shield)
rNeg    . . .        a - +0 robe
rPois   .            l - +1 helmet
rElec   .            (no cloak)
rCorr   .            (no gloves)
SInv    .            (no boots)
Will    .....        (no amulet)
Stlth   ++           (no ring)
HPRegen 0.23/turn    (no ring)
MPRegen 0.11/turn

%: no passive effects
@: no status effects
A: no striking features
a: no special abilities


You were on level 4 of the Dungeon.
You visited 1 branch of the dungeon, and saw 3 of its levels.

You collected 61 gold pieces.

Inventory:

Hand Weapons
 e - a +0 short sword (weapon)
Missiles
 c - 16 stones
 m - 6 datura-tipped darts
Armour
 a - a +0 robe (worn)
 l - a +1 helmet (worn)
Jewellery
 k - an amulet of faith
Wands
 f - a wand of charming (3)
Scrolls
 j - 2 scrolls of immolation
Potions
 b - a potion of magic
 d - 4 potions of mutation {unknown}
 g - a potion of curing {unknown}
 i - a potion of experience {unknown}
 n - a potion of heal wounds {unknown}


   Skills:
 - Level 2.4 Dodging
 - Level 2.4 Stealth
 - Level 3.0 Spellcasting
 + Level 5.8 Conjurations


You had 5 spell levels left.
You knew the following spells:

 Your Spells              Type           Power      Damage    Failure   Level
a - Magic Dart            Conj           100%       1d8       1%          1
b - Searing Ray           Conj           62%        2d6       1%          2

Your spell library contained the following spells:

 Spells                   Type           Power      Damage    Failure   Level
 Fulminant Prism          Conj/Alch      8%         3d7       32%         4
 Iskenderun's Mystic Bla  Conj/Tloc      17%        2d5       32%         4


Dungeon Overview and Level Annotations

Branches:
Dungeon (2/15)

Altars:

Shops:
D:1 [


Message History

Aim: a hobgoblin (asleep, 100% to hit)
The magic dart hits the hobgoblin.
You kill the hobgoblin!
You now have 7/9 mp.
Found a stone staircase leading down.
MP restored: 9 You see here a hobgoblin corpse.
There is a stone staircase leading down here.
An ogre comes into view. It is wielding a +0 giant club.
Found 11 gold pieces.
The ogre shouts!
You hear an angry hiss.
Okay, then.
Okay, then.
Aiming: Charm
Press: ? - help, Shift-Dir - straight line, f - ogre
Aim: an ogre, wielding a +0 giant club (chance to affect: 49%)
The ogre resists with some effort.
The ogre hits you with a +0 giant club!
You take 7 damage, and have 12/19 hp.
MASSIVE DAMAGE!!
Aiming: Charm
Press: ? - help, Shift-Dir - straight line, f/p - ogre
Aim: an ogre, wielding a +0 giant club (chance to affect: 49%)
The ogre resists with some effort.
Aiming: Charm
Press: ? - help, Shift-Dir - straight line, f/p - ogre
Aim: an ogre, wielding a +0 giant club (chance to affect: 49%)
The ogre resists with some effort.
The ogre closely misses you.
Aiming: Charm
Press: ? - help, Shift-Dir - straight line, f/p - ogre
Aim: an ogre, wielding a +0 giant club (chance to affect: 49%)
The ogre resists with some effort.
The ogre misses you.
Aiming: Charm
Press: ? - help, Shift-Dir - straight line, f/p - ogre
Aim: an ogre, wielding a +0 giant club (chance to affect: 49%)
The ogre resists with some effort.
Aiming: Charm
Press: ? - help, Shift-Dir - straight line, f/p - ogre
Aim: an ogre, wielding a +0 giant club (chance to affect: 49%)
The ogre resists with some effort.
The ogre hits you with a +0 giant club!
Ouch! That really hurt!
You die...

#..$# #.#...# ##
# #.#...#..#
##.#.#...#..#
..#........# ...
......#
#####.##O....#
#.......@....#
...##.....#.#
#.##>##......
#.##.# .##.## ##
#.##.# .# # ..
#.##.# .# ..#.
#.##.# .# ..
#..##.##.# .#
###.#.#.......†#


You could see an ogre.

Vanquished Creatures
  2 dart slugs (D:1)
  3 ball pythons
  3 bats (D:1)
  5 endoplasms
  2 giant cockroaches (D:1)
  8 goblins
  4 hobgoblins
  A quokka (D:4)
  2 frilled lizards (D:1)
  3 kobolds
  3 rats (D:1)
36 creatures vanquished.

Notes
Turn   | Place    | Note
-------+----------+-------------------------------------------
     0 | D:1      | jasper the Deep Elf Conjurer began the quest for the Orb.
     0 | D:1      | Reached XP level 1. HP: 10/10 MP: 6/6
   219 | D:1      | Reached XP level 2. HP: 14/15 MP: 6/8
   284 | D:1      | Reached skill level 5 in Conjurations
   881 | D:1      | Reached XP level 3. HP: 19/19 MP: 7/9
   884 | D:1      | Learned a level 2 spell: Searing Ray
  1271 | D:1      | Found Jiuweura's Armour Shoppe.
  1742 | D:2      | You fall into a shaft and drop 2 floors!
  1908 | D:4      | Noticed an ogre
  1914 | D:4      | Slain by an ogre

Illustrated notes

Levels and vault maps discovered:
D:1:      dpeg_arrival_rhombi, layout_loops_corners, serial_shops, shop
D:2:      layout_basic
D:4:      layout_basic, old_standard_altar

Skill      XL: |  1  2 |
---------------+-------+-----
Conjurations   | 5 |  5.8
Dodging        | |  2.4
Stealth        | |  2.4
Spellcasting   | |  3.0

Action                     || total
---------------------------++-------
   Cast: Magic Dart        ||    66
         Searing Ray       ||     1
  Evoke: Wand              ||     6
    Use: Scroll            ||     4
 Armour: Robe              ||     4
  Dodge: Dodged            ||     9

Table legend: (Time is in decaauts)
 A = Elapsed time spent in this place.
 B = Non-inter-level travel time spent in this place.
 C = Inter-level travel time spent in this place.
 D = Time resting spent in this place.
 E = Time spent auto-exploring this place.
 F = Levels seen in this place.
 G = Mean time per level.
                   A        B        C        D        E       F      G
               +--------+--------+--------+--------+--------+-----+--------+
         Total |   1913 |   1806 |    107 |     25 |   1603 |   3 |  637.7 |
       Dungeon |   1913 |   1806 |    107 |     25 |   1603 |   3 |  637.7 |
               +--------+--------+--------+--------+--------+-----+--------+

Top non-repeatable levels by time:
     D:1: 1543 daAuts
     D:2: 198 daAuts
     D:4: 171 daAuts
